 Dungeon Crawl Stone Soup version 0.31-a0-167-g1c394c0614 (webtiles) character file.

Game seed: 8170483471821036679

8432 jasper the Nimble (level 11, -29/58 HPs)
             Began as a Spriggan Venom Mage on June 14, 2023.
             Was an Elder of Sif Muna.
             Annihilated by Donald
             ... wielding a +0 scimitar
              (46 damage)
             ... on level 2 of the Orcish Mines.
             The game lasted 00:16:26 (9233 turns).

jasper the Nimble (Spriggan Venom Mage)             Turns: 9233, Time: 00:16:26

Health: -29/58     AC:  6    Str:  4    XL:     11   Next: 9%
Magic:  13/18      EV: 24    Int: 33    God:    Sif Muna [****..]
Gold:   637        SH:  0    Dex: 16    Spells: 8/18 levels left

rFire   . . .        g - +1 hand crossbow
rCold   . . .        (no shield)
rNeg    . . .        x - +0 steam dragon scales
rPois   .            (helmet restricted)
rElec   .            f - +0 cloak
rCorr   .            (gloves unavailable)
SInv    +            (boots unavailable)
Will    +....        n - amulet of regeneration
Stlth   +++          z - +6 ring of intelligence
HPRegen 1.09/turn    E - +6 ring of intelligence
MPRegen 0.16/turn

%: no passive effects
@: very quick
A: very small, no large weapons, unfitting armour, see invisible, speed 3
a: Renounce Religion, Channel Magic, Forget Spell, Divine Exegesis


You were on level 2 of the Orcish Mines.
You worshipped Sif Muna.
Sif Muna was greatly pleased with you.
You visited 3 branches of the dungeon, and saw 12 of its levels.

You collected 677 gold pieces.
You spent 40 gold pieces at shops.

Inventory:

Hand Weapons
 e - a +0 dagger
 g - a +1 hand crossbow (weapon)
 i - a +1 dagger of venom
 G - a +1 short sword of electrocution
Missiles
 c - 4 poisoned darts
 p - 3 throwing nets
Armour
 a - a +0 robe
 f - a +0 cloak (worn)
 x - +0 steam dragon scales (worn)
 I - a +1 robe of cold resistance
Magical Staves
 s - a staff of death
Jewellery
 n - an amulet of regeneration (around neck)
 z - a +6 ring of intelligence (left hand)
 E - a +6 ring of intelligence (right hand)
Wands
 m - a wand of polymorph (9)
 v - a wand of mindburst (10)
 B - a wand of acid (10)
Scrolls
 j - 3 scrolls of noise
 l - 2 scrolls of torment
 o - a scroll of enchant weapon
 q - 4 scrolls of amnesia
 y - a scroll of poison
 A - a scroll of vulnerability
Potions
 d - a potion of might
 h - a potion of resistance
 k - a potion of cancellation
 r - a potion of invisibility
 t - a potion of haste
 u - 3 potions of curing
 w - 4 potions of brilliance
 C - a potion of enlightenment
 F - 2 potions of degeneration
 H - a potion of mutation {unknown}


   Skills:
 + Level 7.5 Fighting
 + Level 10.9 Dodging
 - Level 4.0 Stealth
 - Level 4.2 Spellcasting
 - Level 1.0 Conjurations
 - Level 1.3 Transmutations
 - Level 1.0 Air Magic
 - Level 8.0 Poison Magic
 + Level 8.1 Invocations
 - Level 5.0 Evocations


You had 8 spell levels left.
You knew the following spells:

 Your Spells              Type           Power      Damage    Failure   Level
a - Sting                 Tmut/Pois      100%       1d8       1%          1
b - Poisonous Vapours     Pois/Air       72%        N/A       1%          2
c - Mephitic Cloud        Conj/Pois/Air  29%        N/A       4%          3
d - Olgreb's Toxic Radia  Pois           56%        N/A       1%          4

Your spell library contained the following spells:

 Spells                   Type           Power      Damage    Failure   Level
 Dazzling Flash           Conj/Hex       20%        N/A       13%         3
 Stone Arrow              Conj/Erth      20%        3d8       13%         3
 Animate Armour           Summ/Erth      14%        N/A       45%         4
 Silence                  Hex/Air        5%         N/A       75%         5
 Agony                    Necr           7%         N/A       82%         5
 Lehudib's Crystal Spear  Conj/Erth      5%         10d3      100%        8


Dungeon Overview and Level Annotations

Branches:
Dungeon (9/15)             Temple (1/1) D:7             Orc (2/2) D:9
    Elf (0/3) Orc:2
   Lair: D:8-11

Altars:
Ashenzari
Hepliaklqana
Kikubaaqudgha
Okawaru
Qazlal
Sif Muna
Trog
Uskayaw
Vehumet
The Shining One

Shops:
D:3 *   Orc:2 *

Annotations:
D:8 Maggie
Orc:2 Donald, Josephine


Innate Abilities, Weirdness & Mutations

You are very small and have problems with some larger weapons.
You are too small for most types of armour.
You have supernaturally acute eyesight. (SInv)
You cover ground extremely quickly. (Speed+++)


Message History

The puff of flame hits you! The orc barely misses you.
The orc warrior shouts!
You take 6 damage, and have 29/58 hp.
Casting: Olgreb's Toxic Radiance (dangerous; 1% risk of failure)
Confirm with . or Enter, or press ? or * to list all spells.
You begin to radiate toxic energy.
The orc wizard is poisoned.
The orc warlord looks even sicker.
The orc knight is poisoned.
The orc warrior is poisoned.
The gnoll is poisoned.
The orc is poisoned.
The orc warlord looks even sicker.
The orc warrior looks even sicker.
The orc looks even sicker.
An orc warrior comes into view. It is wielding a +0 battleaxe.
The orc closely misses you.
You now have 12/18 mp.
You kill the orc!
Sif Muna accepts your kill.
The orc warrior is poisoned.
Things that are here:
a +0 trident; 15 gold pieces You shoot a bolt.
The bolt barely misses the orc warrior.
The orc high priest is poisoned.
Your toxic aura wanes.
Sif Muna accepts your kill.
You feel a bit more experienced.
An orc comes into view. It is wielding a +0 whip.
You regained 2 hp, and now have 32/58 hp.
You shoot a bolt.
The bolt hits the orc warrior but does no damage.
The orc warrior is lightly wounded.
Sif Muna accepts your kill.
You feel a bit more experienced.
The orc warlord roars a battlecry!
The orcs go into a battle-frenzy!
The orc warrior misses you.
The orc high priest mumbles some strange prayers to Beogh.
The orc warrior hits you with a +0 battleaxe!!
* * * LOW HITPOINT WARNING * * *
The orc warlord roars a battlecry!
The orc closely misses you. Donald hits you with a +0 scimitar!!!
Ouch! That really hurt!
You die...

.# . ..### ##. ###
).#.###.. #.##
....##..#####.#
#.......##....#
#..)...##....####
###o.#....#.....#.#
#.@o###......#.....
###.@.##......##.....
#..4#####.....###.)))
##.o...##......#.....
#.o...#...#...#)..#.
##....)...#....)..##
##.@.)...###.....##
#.oo..)..#........#
###.4..#...#..##.....


You could see an orc warlord (strong, very poisoned), Donald (strong, poisoned),
an orc high priest (strong, poisoned), a rust devil (summoned), an orc warrior
(strong, poisoned) and an orc (strong).

Vanquished Creatures
  A two-headed ogre (D:9)
  An orc high priest (Orc:2)
  Pikel (D:7)
  An orc sorcerer (Orc:2)
  Grinder (D:5)
  Sigmund (D:6)
  A wraith (D:9)
  A wyvern (D:8)
  6 humans (D:9)
  3 yaks (D:9)
  Eustachio (D:5)
  Menkaure (D:7)
  2 steam dragons
  A warg (Orc:1)
  An acid dragon (D:9)
  2 water moccasins
  Duvessa (D:4)
  A black bear (D:6)
  6 orc warriors
  A sky beast (D:6)
  A centaur (D:7)
  5 ogres
  4 lemures (D:7)
  2 phantoms
  A kobold brigand (D:8)
  2 bullfrogs
  4 wights (D:9)
  Dowan (D:4)
  11 howler monkeys
  2 hounds (D:7)
  2 jellies
  A gnoll bouda (D:7)
  A sleepcap (D:7)
  11 orc priests
  10 orc wizards
  Natasha (thrice) (D:4)
  6 iguanas
  8 gnolls
  4 adders
  2 shadow imps (D:6)
  2 white imps
  A worm (D:2)
  2 dart slugs (D:1)
  37 orcs
  3 ball pythons
  6 bats
  7 endoplasms
  3 giant cockroaches
  6 goblins
  6 hobgoblins
  6 jackals
  7 frilled lizards
  8 kobolds
  8 rats
217 creatures vanquished.

Vanquished Creatures (collateral kills)
  An orc wizard (Orc:2)
  An orc (Orc:2)
2 creatures vanquished.

Vanquished Creatures (others)
  2 orc warriors (Orc:2)
2 creatures vanquished.

Grand Total: 221 creatures vanquished

Notes
Turn   | Place    | Note
-------+----------+-------------------------------------------
     0 | D:1      | jasper the Spriggan Venom Mage began the quest for the Orb.
     0 | D:1      | Reached XP level 1. HP: 9/9 MP: 5/5
   388 | D:1      | Reached XP level 2. HP: 14/14 MP: 5/7
   391 | D:1      | Learned a level 2 spell: Poisonous Vapours
   479 | D:1      | Reached skill level 1 in Fighting
   534 | D:1      | Found a faded altar of an unknown god.
  1079 | D:2      | Reached XP level 3. HP: 15/18 MP: 4/8
  1161 | D:1      | Learned a level 3 spell: Mephitic Cloud
  1644 | D:2      | Reached XP level 4. HP: 23/23 MP: 9/9
  2456 | D:3      | Found Kuumudgh's General Store.
  2465 | D:3      | Bought a scroll of amnesia for 40 gold pieces
  2670 | D:4      | Noticed Dowan
  2673 | D:4      | Noticed Duvessa
  2770 | D:4      | Found a shimmering blue altar of Sif Muna.
  2773 | D:4      | Became a worshipper of Sif Muna the Loreminder
  2796 | D:4      | Noticed Natasha
  2805 | D:4      | Killed Natasha
  2806 | D:4      | Reached XP level 5. HP: 28/28 MP: 4/12
  2811 | D:4      | Learned a level 4 spell: Olgreb's Toxic Radiance
  3072 | D:5      | Entered Level 5 of the Dungeon
  3099 | D:5      | Found an iron altar of Okawaru.
  3122 | D:5      | Noticed an ogre
  3145 | D:5      | Killed an ogre
  3202 | D:5      | Reached XP level 6. HP: 28/32 MP: 7/13
  3277 | D:5      | Reached skill level 5 in Poison Magic
  3661 | D:5      | Found a broken altar of Ashenzari.
  3665 | D:5      | Saw a vision of the Shoals and the Spider Nest.
  3665 | D:5      | Noticed a culicivora
  3665 | D:5      | Noticed a snapping turtle
  3665 | D:5      | Noticed a wind drake
  3665 | D:5      | Noticed a sea snake
  3665 | D:5      | Noticed an alligator snapping turtle
  3665 | D:5      | Noticed a kraken
  3665 | D:5      | Noticed a sea snake
  3665 | D:5      | Noticed a merfolk siren
  3665 | D:5      | Noticed a skyshark
  3665 | D:5      | Noticed a demonic crawler
  3665 | D:5      | Noticed a snapping turtle
  3665 | D:5      | Noticed an emperor scorpion
  3665 | D:5      | Noticed a jumping spider
  3665 | D:5      | Noticed a sea snake
  3666 | D:5      | Noticed a redback
  3666 | D:5      | Noticed a demonic crawler
  3666 | D:5      | Noticed a steelbarb worm
  3666 | D:5      | Noticed a snapping turtle
  3667 | D:5      | Noticed a wolf spider
  3667 | D:5      | Noticed a demonic crawler
  3667 | D:5      | Noticed a spark wasp
  3667 | D:5      | Noticed a pharaoh ant
  3669 | D:5      | Noticed a pharaoh ant
  3669 | D:5      | Noticed Eustachio
  3669 | D:5      | Noticed a demonic crawler
  3717 | D:5      | Killed Eustachio
  3718 | D:5      | Reached XP level 7. HP: 36/36 MP: 3/14
  3937 | D:5      | Noticed Grinder
  3952 | D:5      | Killed Grinder
  4133 | D:6      | Noticed a steam dragon
  4177 | D:6      | Killed a steam dragon
  4178 | D:6      | Reached skill level 1 in Conjurations
  4178 | D:6      | Reached skill level 1 in Air Magic
  4178 | D:6      | Reached skill level 3 in Dodging
  4178 | D:6      | Reached skill level 1 in Invocations
  4178 | D:6      | Reached XP level 8. HP: 20/40 MP: 8/15
  4478 | D:6      | Reached skill level 1 in Evocations
  4597 | D:6      | Noticed Sigmund
  4602 | D:6      | Killed Sigmund
  4603 | D:6      | Reached skill level 4 in Dodging
  4808 | D:6      | Reached * piety under Sif Muna
  4984 | D:6      | Reached skill level 5 in Dodging
  5197 | D:7      | Identified the +0 plate armour "Naibetta" {MP+9 Str+3 SInv}
  5318 | D:7      | Reached XP level 9. HP: 45/45 MP: 12/16
  5401 | D:7      | Found an ancient bone altar of Kikubaaqudgha.
  5404 | D:7      | Found a hide-covered altar of Uskayaw.
  5502 | D:7      | Noticed Pikel
  5634 | D:7      | Noticed Menkaure
  5636 | D:7      | Killed Menkaure
  5815 | D:7      | Reached skill level 6 in Dodging
  5932 | D:7      | Found a staircase to the Ecumenical Temple.
  6042 | D:4      | Killed Dowan
  6044 | D:4      | Killed Duvessa
  6045 | D:4      | Reached skill level 5 in Evocations
  6094 | D:4      | Noticed Natasha
  6095 | D:4      | Killed Natasha
  6212 | D:4      | Found a radiant altar of Vehumet.
  6213 | D:4      | Reached ** piety under Sif Muna
  6333 | D:4      | Noticed Natasha
  6336 | D:4      | Killed Natasha
  6475 | Temple   | Entered the Ecumenical Temple
  6495 | D:7      | Found a glowing golden altar of the Shining One.
  6927 | D:7      | Killed Pikel
  6928 | D:7      | Reached skill level 5 in Fighting
  6928 | D:7      | Reached skill level 7 in Dodging
  6928 | D:7      | Reached skill level 5 in Invocations
  7105 | D:8      | Found a hazy altar of Hepliaklqana.
  7258 | D:8      | Reached skill level 8 in Dodging
  7342 | D:8      | Noticed Maggie
  7502 | D:9      | Reached XP level 10. HP: 38/53 MP: 17/17
  7893 | D:9      | Found a staircase to the Orcish Mines.
  7971 | D:9      | Reached skill level 9 in Dodging
  8157 | D:9      | Noticed a two-headed ogre
  8187 | D:9      | Killed a two-headed ogre
  8463 | Orc:1    | Entered Level 1 of the Orcish Mines
  8471 | Orc:1    | Reached skill level 10 in Dodging
  8471 | Orc:1    | Reached *** piety under Sif Muna
  8624 | Orc:2    | Entered Level 2 of the Orcish Mines
  8686 | Orc:2    | Found a staircase to the Elven Halls.
  8864 | Orc:2    | Noticed an orc sorcerer
  8894 | Orc:2    | Killed an orc sorcerer
  8911 | Orc:2    | Noticed an orc high priest
  8918 | Orc:2    | Noticed an orange demon
  8954 | Orc:2    | Killed an orc high priest
  8955 | Orc:2    | Reached XP level 11. HP: 58/58 MP: 2/18
  9147 | Orc:2    | Noticed an orc sorcerer
  9168 | Orc:2    | Noticed Donald
  9185 | Orc:2    | Noticed Josephine
  9189 | Orc:2    | Found Ciuny's CLEARANCE SALE!.
  9194 | Orc:2    | Noticed an orc knight
  9203 | Orc:2    | Noticed an orc knight
  9204 | Orc:2    | Noticed an orc sorcerer
  9212 | Orc:2    | Noticed an orc high priest
  9212 | Orc:2    | Noticed an orc high priest
  9212 | Orc:2    | Noticed an orc knight
  9212 | Orc:2    | Noticed an orc warlord
  9229 | Orc:2    | Reached **** piety under Sif Muna
  9233 | Orc:2    | Annihilated by Donald

Illustrated notes

Levels and vault maps discovered:
D:1:      tarquinn_simple_flora_water_b, layout_rooms,
          ebering_ecumenical_altar_webs, minivault_5
D:2:      layout_basic, minmay_misc_feat_pillars
D:3:      layout_basic, serial_shops, shop
D:4:      layout_rooms, lemuel_blue_sif_altar, nicolae_vehumet_altar_sigil,
          uniq_natasha, uniq_duvessa
D:5:      layout_cave_pools, grunt_ashenzari_visionary
          [grunt_ashenzari_visionary_shoals, grunt_ashenzari_visionary_spider],
          mainiacjoe_overflow_24_doors, nicolae_figureground_sparkle,
          uniq_grinder, uniq_eustachio
D:6:      layout_gridville, grunt_ministairs_10, uniq_sigmund
D:7:      layout_loops_corners, tso_altar, nicolae_overflow_squiral,
          minmay_temple_entry_antechambers, uniq_pikel, uniq_menkaure
D:8:      layout_basic, mainiacjoe_overflow_small_starburst, uniq_gastronok,
          uniq_maggie
D:9:      layout_gridville, orc_0_dummy, minmay_ruffians
Temple:   compressed_dpeg_triangle_lava_temple
Orc:1:    layout_caves, mines5_lemuel
Orc:2:    st_orc_congregation, layout_diamond_mine, nicolae_shop_clearance,
          uniq_donald, uniq_josephine

Skill      XL: |  1  2  3  4  5  6  7  8  9 10 11 |
---------------+----------------------------------+-----
Spellcasting   | 3 4 |  4.2
Fighting       | 1 2 3 4 5 7 |  7.5
Stealth        | 4 |  4.0
Poison Magic   | 4 6 8 |  8.0
Conjurations   | 1 |  1.0
Air Magic      | 1 |  1.0
Dodging        | 3 5 8 10 | 10.9
Invocations    | 1 3 5 7 8 |  8.1
Evocations     | 4 5 |  5.0
Transmutations | |  1.3

Action                     |  1- 3 |  4- 6 |  7- 9 | 10-12 || total
---------------------------+-------+-------+-------+-------++-------
  Melee: Dagger            |     8 |       |       |       ||     8
         Punch             |     1 |       |       |       ||     1
   Fire: Hand crossbow     |    17 |    68 |   144 |    94 ||   323
   Cast: Sting             |    45 |    16 |     5 |       ||    66
         Poisonous Vapours |    15 |    28 |    28 |    25 ||    96
         Olgreb's Toxic Ra |       |     1 |    20 |    23 ||    44
         Mephitic Cloud    |       |       |     1 |     1 ||     2
  Evoke: Wand              |       |       |     8 |     8 ||    16
    Use: Scroll            |     4 |     6 |     5 |     1 ||    16
         Potion            |       |       |       |     1 ||     1
 Armour: Robe              |     4 |     9 |     1 |       ||    14
         Steam dragon scal |       |       |     8 |     3 ||    11
  Dodge: Dodged            |    19 |    51 |    69 |    78 ||   217

Table legend: (Time is in decaauts)
 A = Elapsed time spent in this place.
 B = Non-inter-level travel time spent in this place.
 C = Inter-level travel time spent in this place.
 D = Time resting spent in this place.
 E = Time spent auto-exploring this place.
 F = Levels seen in this place.
 G = Mean time per level.
                   A        B        C        D        E       F      G
               +--------+--------+--------+--------+--------+-----+--------+
         Total |   7287 |   7041 |    246 |    517 |   4920 |  12 |  607.2 |
       Dungeon |   6600 |   6362 |    238 |    499 |   4486 |   9 |  733.3 |
        Temple |      1 |      1 |      0 |      0 |      0 |   1 |    1.0 |
  Orcish Mines |    685 |    678 |      7 |     17 |    434 |   2 |  342.5 |
               +--------+--------+--------+--------+--------+-----+--------+

Top non-repeatable levels by time:
     D:7: 1099 daAuts
     D:1: 947 daAuts
     D:5: 885 daAuts
     D:9: 873 daAuts
     D:6: 778 daAuts
     D:2: 725 daAuts
   Orc:2: 562 daAuts
     D:4: 553 daAuts
     D:3: 464 daAuts
     D:8: 271 daAuts
   Orc:1: 122 daAuts
  Temple: 1 daAuts
